 Dungeon Crawl Stone Soup version 0.26-a0-835-g8259106e14 (webtiles) character file.

Game seed: 11278752981840153024

33 Descartes the Sneak (level 3, 0/17 HPs)
             Began as a Felid Delver on Nov 17, 2020.
             Succumbed to an adder's poison
             ... on level 3 of the Dungeon.
             The game lasted 00:00:53 (114 turns).

Descartes the Sneak (Felid Delver)                   Turns: 114, Time: 00:00:53

Health: 0/17       AC:  1    Str:  9    XL:     3   Next: 12%
Magic:  4/4        EV: 18    Int: 11    God:
Gold:   36         SH:  0    Dex: 17    Spells: 2/2 levels left
                                        Lives:  0   Deaths: 0

rFire    . . .     SeeInvis +     - Unarmed
rCold    . . .     Faith    .   (shield unavailable)
rNeg     . . .     Spirit   .   (armour unavailable)
rPois    .         Reflect  .   (helmet unavailable)
rElec    .         Harm     .   (cloak unavailable)
rCorr    +         Rampage  .   (gloves unavailable)
MR       .....                  (boots unavailable)
Stlth    ++++......             (no amulet)
HPRegen  0.05/turn              i - ring of resist corrosion
MPRegen  0.09/turn              (no ring)

@: lethally poisoned (0 -> -9), quick
A: very small, no armour, no weapons or thrown items, stealth, claws 1, fangs 3,
see invisible, speed 1, shaggy fur 1, sharp paws
a: no special abilities


You were on level 3 of the Dungeon.
You visited 1 branch of the dungeon, and saw 3 of its levels.

You collected 36 gold pieces.

Inventory:

Jewellery
 i - a ring of resist corrosion (left paw)
Wands
 e - a wand of digging (3)
Scrolls
 a - a scroll of fog
 b - a scroll of magic mapping
 c - a scroll of fear
 f - a scroll of enchant weapon {unknown}
 g - a scroll of blinking {unknown}
 h - a scroll of noise {unknown}
Potions
 d - a potion of haste


   Skills:
 + Level 3.2 Fighting
 + Level 2.8 Dodging
 + Level 7.6 Stealth
 + Level 2.2 Unarmed Combat


You had 2 spell levels left.
You didn't know any spells.
Your spell library was empty.

Dungeon Overview and Level Annotations

Branches:
Dungeon (5/15)
 Temple: D:4-7

Altars:
Uskayaw


Innate Abilities, Weirdness & Mutations

You cannot wear armour.
You are incapable of wielding weapons or throwing items.
Your paws allow you to move quietly. (Stealth)
You have sharp claws.
You have razor-sharp teeth.
You have supernaturally acute eyesight. (SInv)
You cover ground quickly.
You are covered in fur. (AC +1)
Your sharp claws are effective at attacking unaware monsters.


Message History

* * * LOW HITPOINT WARNING * * *
You are more poisoned.
The adder poisons you!
* * * LOW HITPOINT WARNING * * *
You feel sick.
You scratch the adder.
The adder is almost dead.
The adder misses you.
You scratch the adder.
The adder is almost dead.
* * * LOW HITPOINT WARNING * * *
You feel sick. The adder barely misses you.
You scratch the adder.
You kill the adder!
You have reached level 3!
Your experience leads to an increase in your attributes!
Increase (S)trength, (I)ntelligence, or (D)exterity?
You feel stronger.
You scratch the white imp but do no damage.
You die...

..#....^..#..##<#
?....._.....###>###
#.......#........
#.....†.#..##.###
##.....##..##.#
#..####.####..##.#
#............###.#
#.#####.#..### #.#
#..@5......# ..#
#########...... ..
##.##.# .# # #


You could see a white imp.

Vanquished Creatures
  A worker ant (D:4)
  An adder (D:3)
  A ball python (D:3)
3 creatures vanquished.

Notes
Turn   | Place    | Note
-------+----------+-------------------------------------------
     0 | D:5      | Descartes the Felid Delver began the quest for the Orb.
     0 | D:5      | Reached XP level 1. HP: 10/10 MP: 2/2
    65 | D:4      | Noticed a worker ant
    72 | D:4      | Killed a worker ant
    73 | D:4      | Reached skill level 7 in Stealth
    73 | D:4      | Reached XP level 2. HP: 14/14 MP: 3/3
    83 | D:3      | Found a hide-covered altar of Uskayaw.
   114 | D:3      | Reached XP level 3. HP: 1/17 MP: 4/4
   114 | D:3      | Succumbed to an adder's poison

Illustrated notes

Levels and vault maps discovered:
D:3:      layout_loops_ring, old_standard_altar, uniq_natasha
D:4:      layout_basic, nicolae_overflow_hidden_temple,
          minmay_temple_entry_trees, st_stairs_10
D:5:      layout_basic, uniq_grinder

Skill      XL: |  1 |
---------------+----+-----
Stealth        | 7 |  7.6
Fighting       | |  3.2
Dodging        | |  2.8
Unarmed Combat | |  2.2

Action                   || total
-------------------------++-------
Melee: Unarmed           ||    16
       Bite              ||     3
 Stab: Sleeping          ||     2
Dodge: Dodged            ||    14

Table legend: (Time is in decaauts)
 A = Elapsed time spent in this place.
 B = Non-inter-level travel time spent in this place.
 C = Inter-level travel time spent in this place.
 D = Time resting spent in this place.
 E = Time spent auto-exploring this place.
 F = Levels seen in this place.
 G = Mean time per level.
                   A        B        C        D        E       F      G
               +--------+--------+--------+--------+--------+-----+--------+
         Total |     94 |     89 |      5 |      0 |     47 |   3 |   31.3 |
       Dungeon |     94 |     89 |      5 |      0 |     47 |   3 |   31.3 |
               +--------+--------+--------+--------+--------+-----+--------+

Top non-repeatable levels by time:
     D:4: 59 daAuts
     D:3: 28 daAuts
     D:5: 7 daAuts
